Cogmind - Beta 16.1 @@@ ROGUE MODE // 2026.02.17 @ 15:58:15 Player: MrWaffler Result: Destroyed by exploding Nuclear Reactor Performance ------------- Evolutions (1) 500 Regions Visited (2) 400 Robots Destroyed (18) 90 Value Destroyed (440) 440 Prototype IDs (0) 0 Alien Tech Used (0) 0 Bonus (0) 0 TOTAL SCORE: 1430 Bonus ------- None Cogmind --------- Core Integrity 0/400 Matter 290/300 Energy 85/100 System Corruption 0% Temperature Cool (0) Movement Core (250) Ox4 Location -9/Materials Parts ------- > --- POWER (1) -------- (None) > --- PROPULSION (2) --- (None) > --- UTILITY (4) ------ Small Storage Unit ECM Suite ECM Suite > --- WEAPON (2) ------- Particle Cannon > --- INVENTORY (8) ---- Light Ion Engine Light Ion Engine Light Ion Engine Aluminum Leg Terrain Scanner Transport Network Coupler Light Assault Rifle Peak State ------------ > --- POWER ------------ Light Nuclear Core > --- PROPULSION ------- Light Treads Light Treads > --- UTILITY ---------- Small Storage Unit ECM Suite ECM Suite ECM Suite > --- WEAPON ----------- Assault Rifle Light Assault Rifle > --- INVENTORY -------- Ion Engine Light Ion Engine Terrain Scanner Transport Network Coupler Light Assault Rifle Grenade Launcher [Rating: 11] Favorites ----------- Power Light Ion Engine Engine Light Ion Engine Power Core Light Nuclear Core Propulsion Light Treads Treads Light Treads Wheel Wheel Utility ECM Suite Device ECM Suite Storage Small Storage Unit Protection Light Armor Plating Weapon Light Assault Rifle Energy Cannon Particle Cannon Ballistic Gun Light Assault Rifle Launcher Grenade Launcher Build | -11 -10 -9 ------- Run | Yrd Mat Mat Slots Evolved 2 | . . 2 Power . | . . . Propulsion . | . . . Utility 2 | . . 2 Weapon . | . . . Parts Attached 18 | 7 2 9 Power 3 | 2 . 1 Engine 2 | 2 . . Core 1 | . . 1 Reactor . | . . . Propulsion 5 | 2 . 3 Treads 2 | 2 . . Leg . | . . . Wheel 3 | . . 3 Hover . | . . . Flight . | . . . Utility 5 | 1 2 2 Device 3 | . 1 2 Storage 1 | 1 . . Processor . | . . . Hackware . | . . . Protection 1 | . 1 . Artifact . | . . . Weapon 5 | 2 . 3 Energy Gun . | . . . Energy Cannon 1 | . . 1 Ballistic Gun 3 | 2 . 1 Ballistic Cannon . | . . . Launcher 1 | . . 1 Special Weapon . | . . . Impact Weapon . | . . . Slashing Weapon . | . . . Piercing Weapon . | . . . Special Melee Weapon . | . . . Unidentified Prototypes . | . . . Parts Lost 11 | . . 11 Power 2 | . . 2 Propulsion 5 | . . 5 Utility 1 | . . 1 Weapon 3 | . . 3 Highest Loss Streak 6 | . . 6 To Critical Strikes . | . . . Average Backups 5 | 1 5 6 Power 1 | . 1 2 Propulsion . | . . . Utility 1 | . 1 2 Weapon 2 | . 2 2 Tool/Special . | . . . Unused Backups 5 | . 1 4 Power 2 | . . 2 Propulsion 1 | . . 1 Utility 1 | . . 1 Weapon 1 | . 1 . Tool/Special . | . . . Average Slot Usage (%) 93 | . 97 87 Engine 9 | . 14 3 Core 2 | . . 6 Treads 20 | . 28 11 Wheel 2 | . . 5 Device 16 | . 6 28 Storage 12 | . 14 11 Protection 3 | . 5 . Ballistic Gun 23 | . 28 16 Launcher 1 | . . 3 Peak Build Rating 11 | 6 8 11 Average Rating 7 | 5 6 9 On Entrance 4 | . 6 8 Avg Prop Armor Cover (%) . | . . . Naked Turns . | . . . Heaviest Build 20 | 11 14 20 Greatest Support 40 | 40 40 40 Greatest Overweight (x) 5 | . . 5 Average Overweight (x) . | . . . Largest Inventory Capacity 8 | 8 8 8 Average Capacity 7 | 6 8 8 Most Carried 8 | 3 8 8 Average Carried 5 | 1 5 6 Final Capacity 8 | 8 8 8 Final Carried 8 | 2 8 7 Class Distribution -------------------- 100% | Mutant Dominant Class ---------------- Mutant | -10/Materials Mutant | -9/Materials Resources | -11 -10 -9 ----------- Run | Yrd Mat Mat Matter Collected 545 | 206 166 173 Remotely . | . . . Salvage Created 565 | . 260 305 Parts 30 | . 12 18 Haulers Intercepted . | . . . Recyclers Shooed 2 | . . 2 Parts Field Recycled . | . . . Retrieved Matter . | . . . Parts Self-Destructed . | . . . Prevented . | . . . Parts Restored . | . . . Kills | -11 -10 -9 ------- Run | Yrd Mat Mat Combat Hostiles Destroyed 13 | . 7 6 Guns 8 | . 7 1 AOE 5 | . . 5 Classes Destroyed 6 | . 3 3 Worker 3 | . . 3 Tunneler 1 | . 1 . Recycler 1 | . . 1 Swarmer 4 | . 3 1 Grunt 7 | . 4 3 Sentry 2 | . . 2 Best Kill Streak 5 | . 3 5 Combat Bots Only 3 | . 3 3 Max Kills in Single Turn 4 | . 2 4 Gunslinging . | . . . Exploded 2 | . . 2 Melee . | . . . Uniques/NPCs Destroyed . | . . . Combat | -11 -10 -9 -------- Run | Yrd Mat Mat Hostile Shots Fired 163 | . 43 120 Missed 56 | . 17 39 Hits 107 | . 26 81 Projectile 107 | . 26 81 Critical Strikes 2 | . . 2 Damage Taken 1422 | . 304 1118 Core 435 | . 35 400 Absorbed by Shields . | . . . Core Remaining (%) 93 | 100 86 . Volleys Fired 37 | . 21 16 Largest 2 | . 2 2 Hottest 50 | . 40 50 Shots Fired 67 | . 42 25 Gun 59 | . 42 17 Cannon . | . . . Launcher 8 | . . 8 Special . | . . . Kinetic 59 | . 42 17 Thermal . | . . . Explosive 8 | . . 8 Electromagnetic . | . . . Robot Hit Streak 8 | . 8 5 Robot Miss Streak 2 | . 2 2 Penetration Max . | . . . Secondary Targets . | . . . Shots Hit Robots 42 | . 29 13 Core Hits 35 | . 15 20 Critical Kills . | . . . Critical Parts Destroyed . | . . . Critical Strikes . | . . . Melee Attacks . | . . . Impact . | . . . Slashing . | . . . Piercing . | . . . Sneak Attacks . | . . . Combat Hostiles . | . . . Follow-up Attacks . | . . . Damage Inflicted 778 | . 333 445 Guns 391 | . 330 61 Cannons . | . . . Explosions 384 | . . 384 Melee . | . . . Ramming 3 | . 3 . Kinetic 391 | . 330 61 Thermal . | . . . Explosive 384 | . . 384 Electromagnetic . | . . . Impact . | . . . Slashing . | . . . Piercing . | . . . Highest Corruption . | . . . Average Corruption . | . . . Corruption Purged . | . . . Corruption Blocked . | . . . Overload Shots . | . . . Overflow Damage 11 | . . 11 Projectiles . | . . . Explosions 11 | . . 11 Melee . | . . . Knockbacks . | . . . Impact . | . . . Kinetic . | . . . Secondary . | . . . Self-Inflicted Damage 52 | . . 52 Shots 2 | . . 2 Rammed 3 | . 3 . Targets Rammed 3 | . 3 . Kicked . | . . . Crushed . | . . . Highest Temperature 25 | . 12 25 Average Temperature 7 | . 6 9 Received Heat Transfer 627 | . 153 474 Siege Activations . | . . . Martial Activations . | . . . Shielding Activations . | . . . Robots Disrupted . | . . . Combat Hostiles . | . . . Robots Corrupted . | . . . Combat Hostiles . | . . . Parts Fried . | . . . Impact Corruptions . | . . . Robots Melted . | . . . Combat Hostiles . | . . . Parts Melted . | . . . Heat Transferred . | . . . Parts Sabotaged . | . . . Parts Stolen . | . . . Parts Stripped . | . . . Power Chain Reactions . | . . . Alert | -11 -10 -9 ------- Run | Yrd Mat Mat Maximum Alert Level . | . . . Low Security (%) 100 | 100 100 100 Level 1 . | . . . Level 2 . | . . . Level 3 . | . . . Level 4 . | . . . Level 5 . | . . . High Security . | . . . Max Security . | . . . Peak Influence 176 | . 75 176 Initial 19 | . . 19 Average 24 | . 9 47 Influence Increases 520 | . 205 315 Destroy 0b10 Robot/C 260 | . 140 120 Destroy 0b10 Robot/NC 25 | . 5 20 Destroy Leader 60 | . 30 30 Disable Machine 45 | . . 45 Destroy Structure 55 | . . 55 Lose Combat Pursuer 75 | . 30 45 Influence Decreases 382 | . 158 224 Entered New Map 28 | . . 28 Time Decay 229 | . 93 136 Lost Part 60 | . . 60 Purge Threat 65 | . 65 . Squads Dispatched 7 | . 3 4 Investigation 2 | . 2 . Extermination . | . . . Reinforcement 5 | . 1 4 Assault . | . . . Garrison . | . . . Intercept . | . . . Searches Triggered . | . . . Construction Impeded 1 | . . 1 Haulers Reinforced . | . . . Active Scanning Responses . | . . . Cargo Convoy Interrupts . | . . . Stealth | -11 -10 -9 --------- Run | Yrd Mat Mat Distress Signals 7 | . 2 5 Communications Jammed . | . . . Distress Signals . | . . . Times Spotted 54 | . 19 35 Peak Tracking Total 10 | . 3 10 Tactical Retreats 11 | . 3 8 ECM-based Alert Blocks 13 | . 2 11 Traps | -11 -10 -9 ------- Run | Yrd Mat Mat Traps Triggered 2 | . 2 . Indirectly . | . . . Trap Hack Attempts . | . . . Triggered . | . . . Disarmed . | . . . Reprogrammed . | . . . Reused . | . . . Traps Extracted . | . . . Installed . | . . . Triggered . | . . . Machines | -11 -10 -9 ---------- Run | Yrd Mat Mat Machines Disabled 3 | . . 3 Max in Single Turn 2 | . . 2 Machines Repaired . | . . . Machines Dismantled . | . . . Machines Sabotaged . | . . . Overloaded Fab Kills . | . . . Hacking | -11 -10 -9 --------- Run | Yrd Mat Mat Machines Accessed 2 | . 2 . Terminals 1 | . 1 . Fabricators . | . . . Repair Stations . | . . . Recycling Units 1 | . 1 . Scanalyzers . | . . . Garrison Access . | . . . Total Hacks 2 | . 2 . Successful 2 | . 2 . Failed . | . . . Catastrophic . | . . . Database Lockouts . | . . . Manual . | . . . Terminals 1 | . 1 . Fabricators . | . . . Repair Stations . | . . . Recycling Units 1 | . 1 . Scanalyzers . | . . . Garrison Access . | . . . Terminal Hacks 1 | . 1 . Unreport Threat 1 | . 1 . Fabricator Hacks . | . . . Repair Station Hacks . | . . . Recycling Unit Hacks 1 | . 1 . Report Inventory 1 | . 1 . Scanalyzer . | . . . Garrison Access Hacks . | . . . Unauthorized Hacks . | . . . Terminals . | . . . Fabricators . | . . . Repair Stations . | . . . Recycling Units . | . . . Scanalyzers . | . . . Garrison Access . | . . . Data Cores Recovered . | . . . Used . | . . . Hacking Detections . | . . . Full Trace Events . | . . . Feedback Events . | . . . Feedback Blocked . | . . . Robot Schematics Acquired . | . . . Robots Built . | . . . Authchips . | . . . Time . | . . . Total Robot Build Rating . | . . . Part Schematics Acquired . | . . . Parts Built . | . . . Authchips . | . . . Time . | . . . Total Part Build Rating . | . . . Part Studies Acquired . | . . . Parts Repaired . | . . . Time . | . . . Parts Recycled . | . . . Recycled Matter . | . . . Retrieved Matter . | . . . Retrieved Components . | . . . Parts Scanalyzed . | . . . Part Schematics Acquired . | . . . Parts Damaged . | . . . Bothacking | -11 -10 -9 ------------ Run | Yrd Mat Mat Used RIF Installer . | . . . Robots Hacked . | . . . Non-combat . | . . . Combat . | . . . Robot Hacks Applied . | . . . Relay Couplers Released . | . . . Fabnet Peak Effective % . | . . . Robots Rewired . | . . . Allies Hacked . | . . . Hacks Repelled . | . . . Allies | -11 -10 -9 -------- Run | Yrd Mat Mat Total Allies . | . . . Largest Group . | . . . Highest-Rated Group . | . . . Highest-Rated Ally . | . . . Total Orders . | . . . Ally Attacks . | . . . Total Damage . | . . . Kills . | . . . Allies Corrupted . | . . . Allies Melted . | . . . Intel | -11 -10 -9 ------- Run | Yrd Mat Mat Active Infowar (turns) 730 | . 371 359 ECM 730 | . 371 359 Robot Analysis Total . | . . . Derelict Logs Recovered . | . . . Drone Launches . | . . . Drone Recoveries . | . . . Exploration | -11 -10 -9 ------------- Run | Yrd Mat Mat Turns Passed 1443 | 67 786 590 Spaces Moved 849 | 36 441 372 Core 22 | 2 . 20 Treads 647 | 34 441 172 Legs . | . . . Wheels 180 | . . 180 Hover . | . . . Flight . | . . . Fastest Speed 50 | 50 160 80 Average Speed 145 | 153 160 127 Slowest Speed 300 | 160 160 300 Overloaded Moves . | . . . Propulsion Burnouts . | . . . Robots Hopped . | . . . Potential Cave-ins . | . . . Cave-ins Triggered . | . . . Exploration Rate (%) 34 | 4 67 31 Regions Visited 2 Branch Regions . Pre-discovered Areas . | . . . Known Exits Taken . | . . . Unknown Exits Taken 2 | 1 1 . Scrap Searched . | . . . Spaces Dug . | . . . Terrain Destroyed 52 | . . 52 Melee . | . . . Projectile . | . . . AOE 52 | . . 52 Terrain Rammed . | . . . Walls Destroyed . | . . . Machines Disabled . | . . . Actions | -11 -10 -9 --------- Run | Yrd Mat Mat Total 986 | 45 482 459 Wait 58 | . 4 54 Move 847 | 35 440 372 Hop . | . . . Pick Up 15 | 3 8 4 Fast Attach 9 | 5 1 3 Attach 7 | 1 1 5 Detach 1 | . 1 . Swap 7 | 1 1 5 Drop 2 | . 2 . Fire 37 | . 21 16 Melee . | . . . Ram . | . . . Kick . | . . . Crush 3 | . 3 . Escape Stasis . | . . . Rewire . | . . . Trap . | . . . Miscellaneous . | . . . Route ------- -11/Scrapyard -10/Materials -9/Materials History --------- Turn | Location | Event 15 | -11/Scrapyard | Discovered new exit (range 15) 68 | -11/Scrapyard | Entered Materials 304 | -10/Materials | Build established: Mutant 738 | -10/Materials | Discovered new exit (range 9) 854 | -10/Materials | Entered another Materials area 854 | -9/Materials | Evolved 2 slots: Utility x2 1233 | -9/Materials | Core integrity fell below 50% 1263 | -9/Materials | Lost 4 parts (1p1n1u1w) 1442 | -9/Materials | Core integrity fell below 20% 1444 | -9/Materials | Destroyed by exploding Nuclear Reactor Last Messages --------------- U-05 Engineer builds a Wall. The unstable cave ceiling collapses. U-05 Engineer lays Concrete. R-06 Scavenger collects Flight Unit. U-05 Engineer builds a Wall. The unstable cave ceiling collapses. U-05 Engineer builds a Wall. Acquired Wheel. U-05 Engineer builds a Wall. U-05 Engineer lays Concrete. U-05 Engineer builds a Wall. U-05 Engineer lays Concrete. U-05 Engineer builds a Wall. R-06 Scavenger collects Beam Rifle. U-05 Engineer lays Concrete. Wheel destroyed. Nuclear Reactor explodes. S-10 Pest destroyed. G-34 Mercenary destroyed. Wheel destroyed. Map ----- +----------------------------------------------------+ | | | | | | | | | | | | | | | ?????????????????????????????????????????????????? | | ?????????????????????????????????????????????????? | | ?????????????????????????????????????????????????? | | ?????????????????????????????????????????????????? | | ?????????????????????????????????????????????????? | | ?????????????????????????????????????????????????? | | ?????????????????????????????????????????????????? | | ?????????????????????????????????????????????????? | | ?????????????????????????????????????????????????? | | ???????????????????????????????? #?????????????? | | ???????????????????????????????? ?????????????? | | ???????????????????????????????# ?????????????? | | ???????????????????????????????# ?????????????? | | ????????????????????????######## #?????????????? | | ?????????????????######## g # #?????????????? | | ?????????????????# ## % # #?????????????? | | ?????????????????# ## * + ##????????????? | | ?????????????????# ss[% # ????????????? | | ??????????? ?????#] ##@ =% # ?????????????? | | ????????? ???# ## [ # ?????????????? | | ????????? =[|??## ########## #?????????????? | | ???????# [|| ??# #? # ^#?????????????? | | ???????# [| ??# #? """ # #?????????????? | | ???????# ?# ## """ ]# #?????????????? | | ???????# ## % """ # #?????????????? | | ???????# # # #?????????????? | | ???????# ! [|] # #?????????????? | | ???????# %[ [|] # #?????????????? | | ???????# |]] # #?????????????? | | ???????# ##### # # #?????????????? | | ???????###+#?????### # # ############### | | ?????????????????### ### # | | ??????????????????## ##?######## % % | | ??????????????????## ##??# ! | | ??????????????????## ##### ##+###+##### % ####### | | ??????????????????## ## # % ##????? | | ???????????????????# ##### ## # #????? | | ???????????????????# #???# ## " # #????? | | ???????????????????# #???# ## " # % #????? | | ???????????????????# #???# ## # #????? | | ??????????# ######## #???# ## # #????? | | ??? #???# ## # ## #????? | | ??????????# ##########???# ## # #?##????? | +----------------------------------------------------+ Best States ------------- Heat Dissipation 28 Energy Generation 14 Energy Capacity 250 Matter Stores 300 Matter Capacity 300 Sight Range 16 Terrain Scan Density 10 ECM Strength 2 Armor Coverage 150 Evasion (%) 44 Recoil Reduction 2 Item Schematics ----------------- None Robot Schematics ------------------ None Fabricated ------------ Nothing Repaired ---------- Nothing Studied --------- None Alien Tech Used ----------------- None Achievements -------------- None Challenges ------------ None Game ------ Seed GyrokineticCentriumMount Manual? 0 Play Time 00:30:36 Cumulative 8.3 hours Start 2026.02.17 @ 15:28:28 End 2026.02.17 @ 15:58:15 Sessions 1 Manual Loads 0 Difficulty Rogue Special Mode None Game No. 4 Rogue 1 Adventurer 0 Explorer 3 Win Type - Total 0 Types 0/0/0/0/0/0/0/0/0/0 Lore% 4 Gallery% 10 Achievement% 15 Wizard Run 0 Options --------- Layout 1 ASCII 0 Keyboard 1 Movement Arrows Keybinds 0 Fullscreen 2 Font 32/SmallcapsGlow Map View 50x35 Zoom Use 0% Tactical HUD 0 Map Filters NONE Filters NONE Steam 1 RUN: 81aae542-9ca1-436a-adb3-482820abcc1c